 Dungeon Crawl Stone Soup version 0.28-a0-465-ge2dae52223 (webtiles) character file.

Game seed: 1095300155936773458

719 Demosthentine the Poker (level 7, -12/55 HPs)
             Began as a Merfolk Gladiator on Sept 14, 2021.
             Was a Follower of the Shining One.
             Killed from afar by a steam dragon (18 damage)
             ... with a ball of steam
             ... on level 5 of the Dungeon.
             The game lasted 00:05:20 (4673 turns).

Demosthentine the Poker (Merfolk Gladiator)         Turns: 4673, Time: 00:05:20

Health: -12/55     AC:  5    Str: 16    XL:     7   Next: 70%
Magic:  7/7        EV: 14    Int:  8    God:    the Shining One [*.....]
Gold:   220        SH:  0    Dex: 15    Spells: 6/6 levels left

rFire   . . .      SeeInvis .   a - +0 trident
rCold   . . .      Faith    .   (no shield)
rNeg    . . .      Spirit   .   b - +0 leather armour
rPois   .          Reflect  .   c - +0 helmet
rElec   .          Harm     .   (no cloak)
rCorr   .          Rampage  .   g - +0 pair of gloves
Will    .....                   (no boots)
Stlth   +.........              (no amulet)
HPRegen 0.18/turn               (no ring)
MPRegen 0.10/turn               (no ring)

@: glowing
A: (nimble swimmer 2), mertail
a: Renounce Religion


You were on level 5 of the Dungeon.
You worshipped the Shining One.
The Shining One was aware of your devotion.
You visited 2 branches of the dungeon, and saw 6 of its levels.

You collected 220 gold pieces.

Inventory:

Hand Weapons
 a - a +0 trident (weapon)
Missiles
 d - 2 throwing nets (quivered)
Armour
 b - a +0 leather armour (worn)
 c - a +0 helmet (worn)
 g - a +0 pair of gloves (worn)
Jewellery
 q - a ring of ice
Wands
 i - a wand of iceblast (7)
Scrolls
 p - a scroll of magic mapping
Potions
 e - 2 potions of curing
 f - a potion of lignification
 h - 3 potions of heal wounds {unknown}
 j - a potion of haste
 k - a potion of cancellation {unknown}
 m - a potion of ambrosia {unknown}
 o - a potion of mutation {unknown}
 r - a potion of might {unknown}


   Skills:
 + Level 4.9 Fighting
 + Level 7.3 Polearms
 - Level 2.0 Throwing
 + Level 2.9 Armour
 + Level 6.7 Dodging


You had 6 spell levels left.
You didn't know any spells.
Your spell library contained the following spells:

 Spells                   Type           Power      Damage    Failure   Level
 Call Canine Familiar     Summ           0%         N/A       83%         3
 Portal Projectile        Hex/Tloc       0%         N/A       83%         3
 Animate Dead             Necr           0%         N/A       99%         4
 Leda's Liquefaction      Hex/Erth       0%         N/A       99%         4
 Haunt                    Necr/Summ      0%         N/A       100%        7
 Infestation              Necr           0%         N/A       100%        8


Dungeon Overview and Level Annotations

Branches:
Dungeon (5/15)             Temple (1/1) D:4

Altars:
Ashenzari
Cheibriados
Dithmenos
Elyvilon
Fedhas
Gozag
Hepliaklqana
Nemelex Xobeh
Okawaru
Qazlal
Ru
Sif Muna
Trog
Uskayaw
Vehumet
Wu Jian
The Shining One

Shops:
D:5 [


Innate Abilities, Weirdness & Mutations

((You are quick and stealthy near water. (Stealth+, EV+, Speed+++)))
Your lower body shifts to a powerful aquatic tail in water.


Message History

The steam dragon is moderately wounded.
You are engulfed in a cloud of scalding steam.
The steam dragon bites you but does no damage.
The steam dragon closely misses you.
Unknown command.
The steam dragon barely misses you. The steam dragon closely misses you.
You barely miss the steam dragon.
The steam dragon is moderately wounded.
The steam dragon breathes steam at you. The ball of steam hits you.
Unknown command.
You barely miss the steam dragon.
The steam dragon is moderately wounded.
The steam dragon misses you. The steam dragon closely misses you.
You hit the steam dragon.
The steam dragon is moderately wounded.
A troll comes into view.
The steam dragon bites you. The steam dragon closely misses you.
You hit the steam dragon.
The steam dragon is heavily wounded.
The steam dragon barely misses you. The steam dragon closely misses you.
You barely miss the steam dragon.
The steam dragon is heavily wounded.
The steam dragon bites you.
* * * LOW HITPOINT WARNING * * *
The steam dragon claws you but does no damage.
Unknown command.
Okay, then.
Okay, then.
The steam dragon bites you.
* * * LOW HITPOINT WARNING * * *
The steam dragon claws you.
* * * LOW HITPOINT WARNING * * *
Unknown command.
Unknown command.
Unknown command.
Unknown command.
The steam dragon breathes steam at you. The ball of steam hits you!!
You die...

##...#.##.. ##
######.......§§§ ..#..#
#######.......≈§≈≈≈≈§≈ ..#...
#...#.........≈......§ ......
#........##...§.≈≈≈≈≈. ......#
#...#.......<.≈.≈...≈.
.......##.#...........≈.≈._.≈.
##...>...###.........≈.≈...≈.
#.....T..###@....#...≈.≈≈≈.≈.
.....♣....D§.....#...≈†....§§
...♣.∩.♣............§≈≈≈≈≈.≈§
.....♣........##............§
.........##....#.......§...###
#.........#..#.##.....†.....#
##......###........>........#
......... #................###
......... ..............##...#


You could see a steam dragon (catching breath).

Vanquished Creatures
  A sky beast (D:5)
  A phantom (D:3)
  2 kobold brigands (D:3)
  A scorpion (D:4)
  A howler monkey (D:5)
  A hound (D:5)
  2 iguanas (D:4)
  2 bullfrog skeletons
  A centaur skeleton (D:5)
  An orc wizard (D:5)
  A hound skeleton (D:4)
  A howler monkey skeleton (D:4)
  An adder (D:3)
  2 adder skeletons (D:4)
  A worm (D:4)
  5 dart slugs
  An orc (D:3)
  10 ball pythons
  3 bats
  8 endoplasms
  5 giant cockroaches
  5 goblins
  6 hobgoblins
  4 jackals
  16 kobolds
  4 quokkas
  A frilled lizard (D:1)
  2 rats
89 creatures vanquished.

Notes
Turn   | Place    | Note
-------+----------+-------------------------------------------
     0 | D:1      | Demosthentine the Merfolk Gladiator began the quest for the
                  | Orb.
     0 | D:1      | Reached XP level 1. HP: 16/16 MP: 1/1
    60 | D:1      | Found a faded altar of an unknown god.
   139 | D:1      | Reached XP level 2. HP: 22/23 MP: 2/2
   804 | D:2      | Reached XP level 3. HP: 26/28 MP: 3/3
  1772 | D:3      | Noticed a phantom
  1778 | D:3      | Reached skill level 5 in Polearms
  1792 | D:3      | Killed a phantom
  1793 | D:3      | Reached skill level 1 in Armour
  1793 | D:3      | Reached skill level 5 in Dodging
  1793 | D:3      | Reached XP level 4. HP: 17/35 MP: 4/4
  1793 | D:3      | Reached XP level 5. HP: 20/41 MP: 5/5
  2294 | D:3      | Noticed a kobold brigand
  2313 | D:3      | Killed a kobold brigand
  2326 | D:3      | Noticed a kobold brigand
  2337 | D:3      | Killed a kobold brigand
  2338 | D:3      | Reached skill level 6 in Polearms
  2338 | D:3      | Reached XP level 6. HP: 30/48 MP: 6/6
  3308 | D:4      | Found a staircase to the Ecumenical Temple.
  3560 | Temple   | Entered the Ecumenical Temple
  3567 | Temple   | Became a worshipper of the Shining One
  3767 | D:4      | Reached XP level 7. HP: 25/55 MP: 7/7
  4283 | D:4      | Found a stormy altar of Qazlal.
  4283 | D:4      | Found an opulent altar of Gozag.
  4285 | D:4      | Found a blossoming altar of Fedhas.
  4407 | D:5      | Entered Level 5 of the Dungeon
  4478 | D:5      | Found a sacrificial altar of Ru.
  4493 | D:5      | Reached skill level 7 in Polearms
  4555 | D:5      | Found a shimmering blue altar of Sif Muna.
  4642 | D:5      | Found Etannohiod's Armour Shoppe.
  4652 | D:5      | Noticed a steam dragon
  4652 | D:5      | Reached * piety under the Shining One
  4666 | D:5      | Noticed a troll
  4673 | D:5      | Killed from afar by a steam dragon

Illustrated notes

Levels and vault maps discovered:
D:1:      eino_arrival_cavern_e, layout_rooms,
          hellmonk_ecumenical_altar_pennies_from_heaven
D:2:      layout_basic
D:3:      cheibrodos_thug_alley, layout_basic, st_stairs_6
D:4:      minmay_thinvault, layout_cave_pools, gammafunk_temple_overflow_claw,
          minmay_temple_entry_overgrown, hangedman_abyss_or_decor_stabs
D:5:      layout_cave_pools, mainiacjoe_overflow_concentric_impassable,
          nicolae_ru_great_annihilating_truth, old_standard_altar, serial_shops,
          nicolae_shop_trees, minmay_crossroads, uniq_grinder,
          uniq_crazy_yiuf_cottage
Temple:   nicolae_temple_no_exploring_needed

Skill      XL: |  1  2  3  4  5  6  7 |
---------------+----------------------+-----
Polearms       | 5 6 7 |  7.3
Fighting       | 3 4 |  4.9
Armour         | 1 2 |  2.9
Dodging        | 5 6 |  6.7
Throwing       | |  2.0

Action                   |  1- 3 |  4- 6 |  7- 9 || total
-------------------------+-------+-------+-------++-------
Melee: Trident           |   134 |   178 |    76 ||   388
       Tailslap          |       |     2 |       ||     2
Throw: Throwing net      |     1 |     2 |       ||     3
  Use: Scroll            |     3 |     2 |     3 ||     8
 Stab: Sleeping          |     2 |     4 |       ||     6
Armor: Leather armour    |    29 |    32 |    18 ||    79
Dodge: Dodged            |    88 |   103 |    41 ||   232

Table legend: (Time is in decaauts)
 A = Elapsed time spent in this place.
 B = Non-inter-level travel time spent in this place.
 C = Inter-level travel time spent in this place.
 D = Time resting spent in this place.
 E = Time spent auto-exploring this place.
 F = Levels seen in this place.
 G = Mean time per level.
                   A        B        C        D        E       F      G
               +--------+--------+--------+--------+--------+-----+--------+
         Total |   4667 |   4583 |     84 |     24 |   3831 |   6 |  777.8 |
       Dungeon |   4653 |   4570 |     83 |     24 |   3831 |   5 |  930.6 |
        Temple |     14 |     14 |      0 |      0 |      0 |   1 |   14.0 |
               +--------+--------+--------+--------+--------+-----+--------+

Top non-repeatable levels by time:
     D:4: 1578 daAuts
     D:3: 1282 daAuts
     D:2: 889 daAuts
     D:1: 640 daAuts
     D:5: 261 daAuts
  Temple: 14 daAuts
